 Dungeon Crawl Stone Soup version 0.27-a0-1060-gcb85b5eba1 (webtiles) character file.

Game seed: 5289075494548676605

32156 siradein the Carver (level 13, 0/99 HPs)
             Began as a Minotaur Fighter on Apr 21, 2021.
             Was an Initiate of Uskayaw.
             Slain by an eight-headed hydra (13 damage)
             ... on level 2 of the Lair of Beasts.
             The game lasted 00:42:34 (13252 turns).

siradein the Carver (Minotaur Fighter)             Turns: 13252, Time: 00:42:36

Health: 0/99       AC: 13    Str: 27    XL:     13   Next: 29%
Magic:  9/20       EV: 13    Int:  5    God:    Uskayaw [......]
Gold:   710        SH: 12    Dex: 14    Spells: 18/18 levels left

rFire    . . .     SeeInvis .   D - +7 trident of Neowihan {vorpal, rC+++ Will++}
rCold    + + +     Faith    +   c - +0 kite shield
rNeg     . . .     Spirit   .   z - +3 ring mail of Xom's Esteem {Regen+ Str+5}
rPois    +         Reflect  .   (helmet restricted)
rElec    .         Harm     .   (no cloak)
rCorr    .         Rampage  +   L - +0 pair of gloves
Will     ++...                  C - +1 pair of boots {rampage}
Stlth    +.........             H - amulet of faith
HPRegen  1.26/turn              B - ring of poison resistance
MPRegen  0.17/turn              x - ring of flight

@: flying
A: horns 2, retaliatory headbutt
a: Renounce Religion


You were on level 2 of the Lair of Beasts.
You worshipped Uskayaw.
Uskayaw was aware of your devotion.
You visited 3 branches of the dungeon, and saw 14 of its levels.

You collected 882 gold pieces.
You spent 172 gold pieces at shops.

Inventory:

Hand Weapons
 a - a +0 long sword
 t - a +5 vampiric rapier
 D - the +7 trident of Neowihan (weapon) {vorpal, rC+++ Will++}
   (You took it off Harold on level 7 of the Dungeon)

   It inflicts extra damage upon your enemies.
   It renders you almost immune to cold.
   It greatly increases your willpower.
Missiles
 j - 62 poisoned darts (quivered)
 o - 3 throwing nets
 v - 6 atropa-tipped darts
 O - 4 curare-tipped darts
Armour
 c - a +0 kite shield (worn)
 z - the +3 ring mail of Xom's Esteem (worn) {Regen+ Str+5}
   (You found it on level 5 of the Dungeon)

   It affects your strength (+5).
   It increases your rate of health regeneration.
 C - a +1 pair of boots of rampaging (worn)
 L - a +0 pair of gloves (worn)
Jewellery
 k - a ring of resist corrosion
 p - a +6 ring of strength
 x - a ring of flight (right hand)
 B - a ring of poison resistance (left hand)
 H - an amulet of faith (around neck)
 J - a ring of fire
Wands
 m - a wand of mindburst (10)
 y - a wand of iceblast (17)
 F - a wand of flame (22)
 I - a wand of charming (3)
 N - a wand of digging (5)
 P - a wand of polymorph (7)
Scrolls
 e - 4 scrolls of magic mapping
 l - 4 scrolls of enchant weapon
 n - a scroll of acquirement
 w - a scroll of fear {unknown}
 A - 3 scrolls of amnesia {unknown}
 E - a scroll of immolation {unknown}
 K - 3 scrolls of fog {unknown}
Potions
 d - a potion of might
 f - 2 potions of ambrosia
 g - a potion of resistance
 h - 4 potions of haste
 i - a potion of brilliance
 q - 5 potions of heal wounds
 r - 4 potions of attraction
 s - 10 potions of curing
 G - 3 potions of flight
 M - a potion of lignification
 Q - a potion of magic


   Skills:
 + Level 4.8 Fighting
 - Level 13.7 Long Blades
 + Level 11.9 Polearms
 + Level 8.8 Armour
 + Level 7.1 Dodging
 + Level 8.7 Shields
 + Level 3.0 Spellcasting
 + Level 10.8 Invocations


You had 18 spell levels left.
You didn't know any spells.
Your spell library contained the following spells:

 Spells                   Type           Power      Damage    Failure   Level
 Animate Skeleton         Necr           0%         N/A       77%         1
 Apportation              Tloc           0%         N/A       77%         1
 Corona                   Hex            0%         N/A       77%         1
 Magic Dart               Conj           0%         1d3       77%         1
 Summon Small Mammal      Summ           0%         N/A       77%         1
 Call Imp                 Summ           0%         N/A       88%         2
 Ensorcelled Hibernation  Hex/Ice        0%         N/A       88%         2
 Searing Ray              Conj           0%         3d3       88%         2
 Call Canine Familiar     Summ           0%         N/A       98%         3
 Confusing Touch          Hex            0%         N/A       98%         3
 Dazzling Flash           Conj/Hex       0%         N/A       98%         3
 Gell's Gravitas          Tloc           0%         N/A       98%         3
 Summon Guardian Golem    Hex/Summ       0%         N/A       98%         3
 Tukima's Dance           Hex            0%         N/A       98%         3
 Fulminant Prism          Conj/Hex       0%         3d6       100%        4
 Iskenderun's Mystic Bla  Conj/Tloc      0%         2d3       100%        4
 Petrify                  Tmut/Erth      0%         N/A       100%        4
 Summon Ice Beast         Ice/Summ       0%         N/A       100%        4
 Summon Lightning Spire   Summ/Air       0%         N/A       100%        4
 Metabolic Englaciation   Hex/Ice        0%         N/A       100%        5
 Yara's Violent Unravell  Hex/Tmut       0%         3d3       100%        5


Dungeon Overview and Level Annotations

Branches:
Dungeon (11/15)            Temple (1/1) D:7            Lair (2/6) D:11
 Shoals (0/4) Lair:2          Orc (0/2) D:9
  Snake: Lair:2-4    Spider: Lair:2-4

Altars:
Ashenzari
Cheibriados
Dithmenos
Elyvilon
Fedhas
Gozag
Hepliaklqana
Kikubaaqudgha
Makhleb
Nemelex Xobeh
Okawaru
Qazlal
Ru
Sif Muna
Trog
Uskayaw
Vehumet
Wu Jian
Xom
Yredelemnul
Zin
The Shining One

Shops:
D:3 =   D:7 [(   D:10 (


Innate Abilities, Weirdness & Mutations

You have a pair of horns on your head.
You reflexively headbutt those who attack you in melee.


Message History

The eight-headed hydra bites you. x2; The eight-headed hydra bites you! x2
* * * LOW HITPOINT WARNING * * *
The eight-headed hydra bites you but does no damage.
You block the eight-headed hydra's attack.
You are too injured to fight recklessly!
There is a stone staircase leading down here.
Uskayaw prepares the audience for your solo!
The five-headed hydra is no longer paralysed.
There is an open door here.
You are too injured to fight recklessly!
You are too injured to fight recklessly!
The eight-headed hydra is no longer paralysed.
The black mamba is no longer paralysed.
You block the eight-headed hydra's attack.
The eight-headed hydra bites you!
* * * LOW HITPOINT WARNING * * *
You block the eight-headed hydra's attack.
The eight-headed hydra misses you.
The eight-headed hydra closely misses you.
The eight-headed hydra bites you!
* * * LOW HITPOINT WARNING * * *
You block the eight-headed hydra's attack. x2
Aiming: Line Pass
Press: ? - help, Dir - move target, p - eight-headed hydra The five-headed hydra appears confused.
The black mamba appears confused.
The black mamba bites the five-headed hydra! x2
The five-headed hydra bites the black mamba! x3
The five-headed hydra bites the black mamba. x2
You can no longer pass through a line of other dancers.
The five-headed hydra seems less confused.
The black mamba bites the eight-headed hydra!!
There is an open door here.
The black mamba seems less confused.
You stomp with the beat, sending a shockwave through the revellers around you!
The eight-headed hydra is almost dead.
You can no longer stomp with the beat.
The eight-headed hydra bites you!
* * * LOW HITPOINT WARNING * * *
The eight-headed hydra bites you!
You die...

.............# ".$ #...
.....#.......# ## #.# ## #...
.....#.####### ♣.♣♣.♣♣.♣ ####
....##.#♣♣.♣♣ ♣.♣.♣.♣ ♣.
.......#.♣♣.♣# ♣.⌠†♣ ♣.
.......#..♣♣.# ♣.♣ ♣♣.
#......#♣..♣.# ♣†♣ ♣..
P......#♣♣...# ### ##'########♣..
#....#.# ♣♣..#♣♣@♣♣#...#.....#♣..
....##.#♣♣♣♣.♣♣.♣D♣♣...♣♣...♣♣♣..
....#..........♣♣♣SD<8>'.♣.♣.....
.......#♣♣♣♣.♣♣.♣.♣♣...♣♣...♣♣♣..
.......#.♣♣♣.#♣♣.♣♣#...#.....#♣..
.......#..♣♣.# ### ##'########♣..
.......#♣..♣.# ♣.♣ ♣..
.......#♣♣...# ♣.♣ ♣♣. .......#
♣♣..# ♣.♣ ♣.


You could see an eight-headed hydra, a five-headed hydra and a black mamba.

Vanquished Creatures
  Harold (D:7)
  A hydra (Lair:2)
  Erica (D:8)
  The ghost of indyram44 the Cudgeller, a novice PaFi of Okawaru (D:8)
  A tengu warrior (D:11)
  A two-headed ogre (D:11)
  2 manticores
  A black mamba (Lair:2)
  8 elephants (Lair:2)
  3 cane toads (Lair:1)
  A kobold demonologist (D:11)
  Psyche (D:8)
  5 komodo dragons
  A hornet (D:11)
  4 trolls
  2 blink frogs
  A snapping turtle (Lair:2)
  A dream sheep (Lair:2)
  Sigmund (D:3)
  A shadow (D:11)
  3 wyverns
  38 yaks
  2 vampire mosquitoes (D:10)
  2 acid dragons
  8 water moccasins
  Duvessa (D:4)
  5 sky beasts
  6 orc warriors
  2 necrophages (D:6)
  3 black bears (D:11)
  An ogre (D:6)
  5 wolves
  A centaur (D:6)
  A phantom (D:6)
  2 kobold brigands
  The ghost of mojowtm the Sneak, an amateur SpEn (D:3)
  A scorpion (Lair:1)
  6 bullfrogs
  Dowan (D:4)
  2 wyvern skeletons (D:7)
  14 killer bees
  3 howler monkeys (D:11)
  2 electric eels (Lair:1)
  4 wights (D:8)
  2 jellies
  2 bullfrog zombies
  2 centaur zombies
  A hound (D:6)
  5 orc priests
  Jessica (D:3)
  An iguana (D:6)
  12 orc wizards
  A killer bee zombie (D:9)
  A hound skeleton (D:5)
  2 howler monkey zombies
  5 adders
  A howler monkey skeleton (D:6)
  6 white imps
  An ufetubus (D:7)
  2 adder skeletons (D:4)
  3 worms
  4 dart slugs
  31 orcs
  3 endoplasms
  2 giant cockroaches (D:2)
  6 goblins
  4 hobgoblins
  2 jackals (D:1)
  4 quokkas
  3 ball pythons (D:4)
  5 bats
  3 frilled lizards
  12 kobolds
  A quokka skeleton (D:4)
  2 rats
282 creatures vanquished.

Vanquished Creatures (others)
  44 fungi (D:11)
  39 plants
83 creatures vanquished.

Grand Total: 365 creatures vanquished

Notes
Turn   | Place    | Note
-------+----------+-------------------------------------------
     0 | D:1      | siradein the Minotaur Fighter began the quest for the Orb.
     0 | D:1      | Reached XP level 1. HP: 19/19 MP: 0/0
   185 | D:1      | Reached skill level 3 in Long Blades
   398 | D:1      | Reached XP level 2. HP: 26/26 MP: 1/1
   705 | D:2      | Reached skill level 4 in Long Blades
   706 | D:2      | Reached XP level 3. HP: 30/31 MP: 2/2
  1343 | D:2      | Reached skill level 5 in Long Blades
  1348 | D:2      | Found an ancient bone altar of Kikubaaqudgha.
  1410 | D:3      | Noticed Sigmund
  1615 | D:3      | Noticed mojowtm's ghost (amateur SpEn)
  1617 | D:3      | Noticed Jessica
  1620 | D:3      | Found a runed translucent gate.
  1620 | D:3      | Found a runed translucent gate.
  1620 | D:3      | Found a runed translucent gate.
  1627 | D:3      | Killed Jessica
  1628 | D:3      | Reached XP level 4. HP: 33/39 MP: 3/3
  1714 | D:3      | Found Olapsusu's Jewellery Boutique.
  1903 | D:3      | Killed Sigmund
  1904 | D:3      | Reached skill level 7 in Long Blades
  1904 | D:3      | Reached XP level 5. HP: 20/45 MP: 0/4
  2311 | D:3      | Killed mojowtm's ghost
  2312 | D:3      | Reached skill level 8 in Long Blades
  2312 | D:3      | Reached XP level 6. HP: 47/51 MP: 5/5
  2700 | D:4      | Found a glowing silver altar of Zin.
  3092 | D:4      | Noticed Duvessa
  3093 | D:4      | Noticed Dowan
  3110 | D:4      | Killed Duvessa
  3114 | D:4      | Killed Dowan
  3115 | D:4      | Reached skill level 9 in Long Blades
  3309 | D:4      | Reached XP level 7. HP: 57/57 MP: 6/6
  3622 | D:5      | Entered Level 5 of the Dungeon
  4047 | D:5      | Reached skill level 10 in Long Blades
  4093 | D:5      | Identified the +3 ring mail of Xom's Esteem {Regen+ Str+5}
  4808 | D:6      | Reached skill level 11 in Long Blades
  4835 | D:6      | Reached XP level 8. HP: 54/64 MP: 7/7
  5012 | D:6      | Reached skill level 12 in Long Blades
  5559 | D:7      | Noticed Harold
  5707 | D:7      | Reached skill level 13 in Long Blades
  5771 | D:7      | Found a staircase to the Ecumenical Temple.
  5792 | Temple   | Entered the Ecumenical Temple
  5872 | Temple   | Became a worshipper of Uskayaw the Reveller
  5902 | D:7      | Reached * piety under Uskayaw
  5921 | D:7      | Reached skill level 1 in Invocations
  6002 | D:7      | Found Maidi's Antique Armour Emporium.
  6010 | D:7      | Bought a pair of runed boots for 172 gold pieces
  6087 | D:7      | Identified the +7 trident of Neowihan {vorpal, rC+++
                  | Will++}
  6112 | D:7      | Reached ** piety under Uskayaw
  6115 | D:7      | Killed Harold
  6116 | D:7      | Reached XP level 9. HP: 14/70 MP: 1/10
  6209 | D:7      | Found Obism's Antique Weapon Emporium.
  6430 | D:8      | Reached skill level 1 in Polearms
  6467 | D:8      | Noticed a manticore
  6471 | D:8      | Reached *** piety under Uskayaw
  6473 | D:8      | Killed a manticore
  6608 | D:8      | Reached skill level 5 in Invocations
  6644 | D:8      | Reached **** piety under Uskayaw
  6646 | D:8      | Reached skill level 5 in Polearms
  6651 | D:8      | Reached ***** piety under Uskayaw
  6787 | D:8      | Reached XP level 10. HP: 62/77 MP: 9/13
  6928 | D:8      | Found a runed translucent gate.
  6928 | D:8      | Found a runed translucent gate.
  6928 | D:8      | Found a runed translucent gate.
  6929 | D:8      | Noticed indyram44's ghost (novice PaFi)
  7319 | D:8      | Noticed Erica
  7371 | D:8      | Killed Erica
  7423 | D:8      | Noticed Psyche
  7435 | D:8      | Killed Psyche
  8031 | D:9      | HP: 3/77 [poisoned by a killer bee]
  8036 | D:9      | HP: 2/77 [poisoned by a killer bee]
  8841 | D:9      | Found a staircase to the Orcish Mines.
  9163 | D:10     | Entered Level 10 of the Dungeon
  9173 | D:10     | Noticed a manticore
  9184 | D:10     | Killed a manticore
  9185 | D:10     | Reached skill level 1 in Dodging
  9245 | D:10     | Reached skill level 10 in Polearms
  9245 | D:10     | Reached XP level 11. HP: 82/82 MP: 15/17
  9280 | D:10     | Reached XP level 12. HP: 80/90 MP: 18/18
  9284 | D:10     | Reached ****** piety under Uskayaw
  9357 | D:10     | Found Nobeih's Antique Weapon Shoppe.
 10036 | D:11     | Noticed a tengu warrior
 10046 | D:11     | Killed a tengu warrior
 10047 | D:11     | Reached skill level 5 in Dodging
 10104 | D:11     | Noticed a two-headed ogre
 10120 | D:11     | Killed a two-headed ogre
 10121 | D:11     | Reached skill level 1 in Spellcasting
 10121 | D:11     | Reached skill level 10 in Invocations
 10236 | D:11     | Found a staircase to the Lair.
 10453 | D:8      | Killed indyram44's ghost
 10573 | D:11     | Paralysed by a hornet for 1 turns
 10576 | D:11     | Paralysed by a hornet for 1 turns
 10749 | D:11     | Identified a scroll of acquirement
 11305 | Lair:1   | Entered Level 1 of the Lair of Beasts
 12292 | Lair:2   | Noticed an eight-headed hydra
 12309 | Lair:2   | Killed an eight-headed hydra
 12339 | Lair:2   | Reached XP level 13. HP: 60/96 MP: 10/19
 13116 | Lair:2   | Found a staircase to the Shoals.
 13252 | Lair:2   | Slain by an eight-headed hydra

Illustrated notes

Levels and vault maps discovered:
D:1:      dpeg_chamrin_arrival_tetris, layout_basic, serial_bayou_crossing
D:2:      layout_rooms, basic_altar, grunt_ministairs_10
D:3:      layout_rooms, serial_shops, nicolae_shop_trees, gammafunk_ghost_split,
          kennysheep_generic_room_13, uniq_jessica, uniq_sigmund
D:4:      layout_basic, zin_scriptorium, uniq_duvessa
D:5:      layout_basic
D:6:      layout_basic, grunt_ministairs_9, wad_woods_river_04,
          chequers_serial_rivers_micro_c
D:7:      layout_cave_pools, minmay_temple_entry_overgrown, serial_shops, shop,
          shop_fountains, uniq_harold
D:8:      layout_gridville, ebering_ghost_rock_garden, uniq_erica, uniq_psyche
D:9:      layout_grid_maze
D:10:     layout_loops_ring, serial_shops, shop
D:11:     layout_cave_pools, due_lair_maze_entry_diamond
Temple:   compressed_dpeg_circular_temple
Lair:1:   layout_big_grid, minmay_stone_trees_large, st_stairs_5,
          serial_bayou_pond_a, amcnicky_mini_pool_medium,
          infiniplex_staircase_pool, serial_bayou_shore_a
Lair:2:   nzn_winding_woodlands_stair_cross [nzn_winding_woodlands_5x15_pockets,
          nzn_winding_woodlands_center_triple_pond,
          nzn_winding_woodlands_5x15_split_checker,
          nzn_winding_woodlands_5x5_closed_star,
          nzn_winding_woodlands_hourglass, nzn_winding_woodlands_5x15_sawtooth,
          nzn_winding_woodlands_center_diamonds,
          nzn_winding_woodlands_5x15_default], layout_gridlike,
          minmay_shoals_entry_hut

Skill      XL: |  1  2  3  4  5  6  7  8  9 10 11 12 13 |
---------------+----------------------------------------+-----
Long Blades    | 3 4 5 7 8 9 11 13 | 13.7
Invocations    | 3 6 9 10 | 10.8
Polearms       | 5 10 11 | 11.9
Armour         | 6 8 |  8.8
Dodging        | 4 6 7 |  7.1
Shields        | 6 8 |  8.7
Spellcasting   | 2 3 |  3.0
Fighting       | 4 |  4.8

Action                   |  1- 3 |  4- 6 |  7- 9 | 10-12 | 13-15 || total
-------------------------+-------+-------+-------+-------+-------++-------
Melee: Long sword        |    69 |    79 |       |       |       ||   148
       Headbutt          |     9 |    14 |    40 |    83 |    40 ||   186
       Rapier            |       |     5 |   126 |       |       ||   131
       Trident           |       |       |    53 |   402 |   149 ||   604
Throw: Throwing net      |       |     1 |       |       |       ||     1
Invok: Stomp             |       |       |     7 |    21 |     4 ||    32
       Line Pass         |       |       |       |     7 |     4 ||    11
       Grand Finale      |       |       |       |     3 |       ||     3
  Use: Potion            |       |     1 |       |     2 |       ||     3
       Scroll            |       |       |       |    15 |     1 ||    16
 Stab: Paralysed         |       |       |     4 |    36 |    17 ||    57
       Confused          |       |       |       |     1 |     1 ||     2
Armor: Scale mail        |    31 |     5 |       |       |       ||    36
       Chain mail        |       |    26 |       |       |       ||    26
       Leather armour    |       |     1 |     1 |       |       ||     2
       Ring mail         |       |       |    40 |   134 |    28 ||   202
Dodge: Dodged            |    19 |    13 |    45 |   146 |    55 ||   278
Block: Kite shield       |    34 |    36 |    80 |   196 |    63 ||   409
       Rpst.: Long sword |     7 |     5 |       |       |       ||    12

Table legend: (Time is in decaauts)
 A = Elapsed time spent in this place.
 B = Non-inter-level travel time spent in this place.
 C = Inter-level travel time spent in this place.
 D = Time resting spent in this place.
 E = Time spent auto-exploring this place.
 F = Levels seen in this place.
 G = Mean time per level.
                   A        B        C        D        E       F      G
               +--------+--------+--------+--------+--------+-----+--------+
         Total |  13349 |  12507 |    842 |    432 |   9957 |  14 |  953.5 |
       Dungeon |  11344 |  10532 |    812 |    432 |   8354 |  11 | 1031.3 |
        Temple |     94 |     94 |      0 |      0 |     73 |   1 |   94.0 |
          Lair |   1910 |   1880 |     30 |      0 |   1530 |   2 |  955.0 |
               +--------+--------+--------+--------+--------+-----+--------+

Top non-repeatable levels by time:
     D:9: 1558 daAuts
     D:8: 1478 daAuts
     D:4: 1270 daAuts
     D:5: 1173 daAuts
     D:2: 1073 daAuts
  Lair:2: 976 daAuts
     D:6: 937 daAuts
  Lair:1: 934 daAuts
    D:10: 864 daAuts
     D:3: 844 daAuts
    D:11: 816 daAuts
     D:7: 742 daAuts
     D:1: 584 daAuts
  Temple: 94 daAuts
